 Dungeon Crawl Stone Soup version 0.30.1-3-gfc49f6343a (webtiles) character file.

Game seed: 4165057423186453628

8985 TheDoctor the Protected (level 11, -12/93 HPs)
             Began as a Formicid Fighter on July 29, 2023.
             Was a High Priest of Okawaru.
             Mangled by an enormous slime creature (72 damage)
             ... on level 11 of the Dungeon.
             The game lasted 00:28:43 (10956 turns).

TheDoctor the Protected (Formicid Fighter)         Turns: 10956, Time: 00:28:44

Health: -12/93     AC: 16    Str: 25    XL:     11   Next: 66%
Magic:  13/13      EV:  7    Int:  8    God:    Okawaru [*****.]
Gold:   663        SH:  6    Dex: 19    Spells: 10/10 levels left

rFire   . . .        b - +3 dire flail (protect)
rCold   . . .        c - +0 buckler
rNeg    . . .        J - +0 plate armour
rPois   +            (helmet unavailable)
rElec   .            (no cloak)
rCorr   .            B - +0 pair of gloves
SInv    +            (no boots)
Will    +....        x - amulet of regeneration Stlth
                     e - +6 ring of dexterity
HPRegen 1.15/turn    g - ring of poison resistance
MPRegen 0.13/turn

%: no passive effects
@: no status effects
A: permanent stasis, dig shafts and tunnels, antennae 3, four strong arms
a: Dig, Shaft Self, Renounce Religion, Heroism, Finesse, Duel


You were on level 11 of the Dungeon.
You worshipped Okawaru.
Okawaru was extremely pleased with you.
You visited 2 branches of the dungeon, and saw 13 of its levels.

You collected 663 gold pieces.

Inventory:

Hand Weapons
 b - a +3 dire flail of protection (weapon)
 I - the +6 long sword of Defence by Offence {freeze, Fly rF+++ Will+ Str-4}
   (You found it on level 7 of the Dungeon)

   Str:       It affects your strength (-4).
   rF:        It renders you almost immune to fire.
   Fly:       It grants you flight.
   Will:      It increases your willpower.
 P - a +1 scimitar of flaming
Missiles
 v - a throwing net
 W - a javelin
Armour
 c - a +0 buckler (worn)
 z - a +3 leather armour of cold resistance
 B - a +0 pair of gloves (worn)
 J - a +0 plate armour (worn)
 X - +0 acid dragon scales
Jewellery
 e - a +6 ring of dexterity (left hand)
 g - a ring of poison resistance (right hand)
 s - a ring of magical power
 x - an amulet of regeneration (around neck)
 y - a +5 ring of evasion
 K - an amulet of reflection
 Q - a +6 ring of intelligence
 U - a +6 ring of intelligence
Wands
 i - a wand of flame (11)
 u - a wand of paralysis (9)
 R - a wand of roots (4)
 T - a wand of digging (3)
Scrolls
 f - 2 scrolls of torment {unknown}
 j - 6 scrolls of noise
 k - 3 scrolls of teleportation
 l - 3 scrolls of fear
 q - a scroll of acquirement {unknown}
 t - 2 scrolls of blinking {unknown}
 A - a scroll of amnesia {unknown}
 E - a scroll of poison {unknown}
 F - 7 scrolls of identify
 G - 2 scrolls of magic mapping {unknown}
 H - a scroll of fog {unknown}
 M - a scroll of enchant armour {unknown}
 N - 2 scrolls of silence {unknown}
 S - a scroll of brand weapon {unknown}
 V - a scroll of vulnerability {unknown}
Potions
 d - 2 potions of might
 h - 4 potions of flight
 m - 3 potions of attraction {unknown}
 n - 2 potions of degeneration {unknown}
 o - a potion of heal wounds
 p - 2 potions of magic
 r - 6 potions of curing
 w - 2 potions of invisibility {unknown}
 C - a potion of cancellation {unknown}
 L - a potion of brilliance {unknown}
 O - 2 potions of resistance {unknown}


   Skills:
 - Level 11.1 Fighting
 + Level 5.8 Long Blades
 - Level 4.6(6.4) Axes
 - Level 6.7(7.4) Maces & Flails
 + Level 11.5 Armour
 - Level 4.0 Shields
 + Level 3.2 Invocations


You had 10 spell levels left.
You didn't know any spells.
Your spell library contained the following spells:

 Spells                   Type           Power      Damage    Failure   Level
 Shock                    Conj/Air       0%         1d3       99%         1
 Lesser Beckoning         Tloc           0%         N/A       100%        2
 Sublimation of Blood     Necr           0%         N/A       100%        2
 Wereblood                Tmut           0%         N/A       100%        2
 Gell's Gravitas          Tloc           0%         N/A       100%        3
 Ignite Poison            Fire/Tmut/Pois 0%         N/A       100%        3
 Stone Arrow              Conj/Erth      0%         3d7       100%        3
 Teleport Other           Tloc           0%         N/A       100%        3
 Airstrike                Air            0%         2d(0-16)  100%        4
 Petrify                  Tmut/Erth      0%         N/A       100%        4
 Sticky Flame             Conj/Fire      0%         2d3       100%        4
 Arcjolt                  Conj/Air       0%         1d10      100%        5
 Irradiate                Conj/Tmut      0%         3d11      100%        5
 Ignition                 Fire           0%         3d3       100%        8
 Lehudib's Crystal Spear  Conj/Erth      0%         10d2      100%        8
 Maxwell's Capacitive Co  Air            0%         ∞         100%        8
 Swiftness                Air            Unusable   N/A       N/A         3
 Vhi's Electric Charge    Tloc/Air       Unusable   N/A       N/A         3
 Animate Armour           Summ/Erth      Unusable   N/A       N/A         4
 Summon Hydra             Summ           Unusable   N/A       N/A         7

Dungeon Overview and Level Annotations

Branches:
Dungeon (12/15)            Temple (1/1) D:7            Lair (0/5) D:11
    Orc (0/2) D:11

Altars:
Ashenzari
Cheibriados
Dithmenos
Elyvilon
Fedhas
Gozag
Hepliaklqana
Kikubaaqudgha
Makhleb
Nemelex Xobeh
Okawaru
Qazlal
Ru
Sif Muna
Trog
Uskayaw
Vehumet
Wu Jian
Xom
Yredelemnul
Zin
The Shining One

Shops:
D:2 [   D:6 *   D:8 =*   D:9 **   D:10 *[

Annotations:
D:8 3 runed translucent doors, Waters's ghost, novice BaSu; jsudlow's ghost, novice TrBe; spardeous's ghost, novice DgCj; spardeous's ghost, novice FeEE


Innate Abilities, Weirdness & Mutations

You cannot be hasted, slowed, berserked, paralysed or teleported.
You can dig through walls and to a lower floor.
You have a pair of large antennae on your head. (SInv)
Your four strong arms can wield two-handed weapons with a shield.


Message History

* * * LOW HITPOINT WARNING * * *
Okay, then.
Unknown command.
Unknown command.
Unknown command.
Unknown command.
Unknown command.
Press: ? - help, v - describe, . - travel
Here: a large slime creature (moderately wounded)
The floor.
Unknown command.
You feel better.
You block the large slime creature's attack.
The large slime creature attacks as you move away!
The large slime creature hits you!!
* * * LOW HITPOINT WARNING * * *
You feel much better.
The large slime creature hits you but does no damage.
The large slime creature attacks as you move away!
The large slime creature hits you but does no damage.
Two slime creatures merge to form a very large slime creature.
Okay, then.
Press: ? - help, v - describe, . - travel
Here: a very large slime creature (lightly wounded)
The floor.
Press: ? - help, v - describe, . - travel
Here: a slime creature The floor.
Unknown command.
Okay, then.
Unknown command.
Unknown command.
Okay, then.
Unknown command.
You feel much better.
Two slime creatures merge to form an enormous slime creature.
The enormous slime creature attacks as you move away!
The enormous slime creature hits you!!!!
Ouch! That really hurt!
You die...

#####'################# #....
#...#.....##..........# #....
#.#.#.###.##..........####....
#.#.#...#..#..........#..'....
#.#.###.#..#..........#.##....
#.#.................>...###'##
####'#######........>.### #...
#.# ##.######### #### #.#
#@#### #.# #.J..#### ###.#
####....# #### #...# ####'##
####... #.### #.....###JJ'.#.
##.# #....J#...##.#. #..#
#.....J.####.#J ##.##
#.....### #.#. #..# #.....#
####


You could see an enormous slime creature.

Vanquished Creatures
  Erica (D:9)
  A two-headed ogre (D:10)
  Amaemon (D:10)
  A gargoyle (D:10)
  An orange demon (D:10)
  A kobold demonologist (D:10)
  An unseen horror (D:11)
  A troll (D:10)
  2 hornets (D:10)
  A slime creature (D:11)
  4 wyverns
  A basilisk (D:11)
  A wraith (D:12)
  3 yaks (D:11)
  A vampire (D:9)
  Eustachio (D:5)
  3 vampire mosquitoes (D:11)
  Edmund (D:5)
  2 acid dragons (D:11)
  2 water moccasins
  2 black bears (D:6)
  3 ice beasts (D:7)
  6 centaurs
  A phantom (D:6)
  3 kobold brigands
  3 bullfrogs
  A gnoll sergeant (D:6)
  A scorpion (D:6)
  5 wights (D:9)
  4 howler monkeys
  4 electric eels (D:7)
  3 hounds
  A jelly (D:8)
  7 orc priests
  3 iguanas
  Ijyb (D:4)
  5 orc wizards
  2 sleepcaps
  7 adders
  4 gnolls (D:6)
  2 white imps
  2 ufetubi
  3 worms
  2 dart slugs
  25 orcs
  12 endoplasms
  4 giant cockroaches
  8 hobgoblins
  13 kobolds
  6 quokkas
  5 ball pythons
  2 bats
  4 frilled lizards
  4 goblins
  6 rats
194 creatures vanquished.

Vanquished Creatures (others)
  An ufetubus (D:7)
  A kobold (D:7)
2 creatures vanquished.

Grand Total: 196 creatures vanquished

Notes
Turn   | Place    | Note
-------+----------+-------------------------------------------
     0 | D:1      | TheDoctor the Formicid Fighter began the quest for the Orb.
     0 | D:1      | Reached XP level 1. HP: 18/18 MP: 1/1
   103 | D:1      | Reached XP level 2. HP: 20/23 MP: 2/2
   696 | D:2      | Reached XP level 3. HP: 28/30 MP: 3/3
   837 | D:2      | Found Tiepteof's Antique Armour Boutique.
  1158 | D:2      | Found a faded altar of an unknown god.
  1524 | D:3      | Reached XP level 4. HP: 37/37 MP: 4/4
  2261 | D:3      | Found a sparkling altar of Nemelex Xobeh.
  2279 | D:3      | Reached XP level 5. HP: 43/43 MP: 5/5
  2595 | D:4      | Noticed Ijyb
  2625 | D:4      | Killed Ijyb
  2969 | D:4      | Found a burning altar of Makhleb.
  3104 | D:5      | Entered Level 5 of the Dungeon
  3226 | D:5      | Noticed a black bear
  3361 | D:5      | Reached XP level 6. HP: 50/50 MP: 6/6
  3599 | D:5      | Reached skill level 5 in Fighting
  3656 | D:5      | Noticed Eustachio
  3708 | D:5      | Killed Eustachio
  3709 | D:5      | Reached skill level 5 in Armour
  3709 | D:5      | Reached XP level 7. HP: 56/56 MP: 7/7
  3865 | D:5      | Noticed Edmund
  3903 | D:5      | Killed Edmund
  3987 | D:5      | Noticed a water moccasin
  4000 | D:5      | Killed a water moccasin
  4001 | D:5      | Reached skill level 1 in Maces & Flails
  4752 | D:6      | Noticed a water moccasin
  4780 | D:6      | Killed a water moccasin
  4781 | D:6      | Reached XP level 8. HP: 46/64 MP: 8/8
  5547 | D:6      | Found Goyfuiga's General Store.
  5662 | D:6      | Reached XP level 9. HP: 72/72 MP: 9/9
  5712 | D:7      | Identified the +6 long sword of Defence by Offence {freeze,
                  | Fly rF+++ Will+ Str-4}
  5976 | D:7      | Found a staircase to the Ecumenical Temple.
  5990 | Temple   | Entered the Ecumenical Temple
  6260 | Temple   | Became a worshipper of Warmaster Okawaru
  6786 | D:7      | Reached skill level 5 in Maces & Flails
  6816 | D:7      | Reached * piety under Okawaru
  7224 | D:8      | Found Louno's Jewellery Shop.
  7470 | D:8      | Found Xuorch's Neck Hole.
  7788 | D:8      | Found a radiant altar of Vehumet.
  7790 | D:8      | Found a glowing golden altar of the Shining One.
  7793 | D:8      | Found a snail-covered altar of Cheibriados.
  7793 | D:8      | Found an ancient bone altar of Kikubaaqudgha.
  7803 | D:8      | Found a stormy altar of Qazlal.
  7999 | D:8      | Noticed spardeous's ghost (novice FeEE)
  7999 | D:8      | Noticed Waters's ghost (novice BaSu)
  8002 | D:8      | Found a runed translucent gate.
  8002 | D:8      | Found a runed translucent gate.
  8002 | D:8      | Noticed jsudlow's ghost (novice TrBe)
  8003 | D:8      | Found a runed translucent gate.
  8003 | D:8      | Noticed spardeous's ghost (novice DgCj)
  8260 | D:9      | Reached XP level 10. HP: 82/82 MP: 10/10
  8342 | D:9      | Reached ** piety under Okawaru
  8383 | D:9      | Noticed Erica
  8396 | D:9      | Killed Erica
  8477 | D:9      | Reached skill level 1 in Long Blades
  8551 | D:9      | Found a hazy altar of Hepliaklqana.
  8552 | D:9      | Found a faded altar of an unknown god.
  8571 | D:9      | Found Quirif's Specific Store.
  8571 | D:9      | Found Loxail's General Store.
  9040 | D:10     | Entered Level 10 of the Dungeon
  9068 | D:10     | Reached skill level 10 in Fighting
  9068 | D:10     | Reached skill level 10 in Armour
  9113 | D:10     | Noticed a gargoyle
  9138 | D:10     | Killed a gargoyle
  9138 | D:10     | Reached *** piety under Okawaru
  9404 | D:10     | Noticed a kobold demonologist
  9429 | D:10     | Noticed an ice devil
  9430 | D:10     | Killed a kobold demonologist
  9454 | D:10     | Found Alellubbank's Armour Shop.
  9519 | D:10     | Noticed an orange demon
  9555 | D:10     | Killed an orange demon
  9556 | D:10     | Reached XP level 11. HP: 82/92 MP: 11/11
  9860 | D:10     | Found Faob's Assorted Antiques.
  9939 | D:10     | Noticed a two-headed ogre
  9952 | D:10     | Killed a two-headed ogre
  9952 | D:10     | Reached **** piety under Okawaru
 10030 | D:10     | Noticed Amaemon
 10046 | D:10     | Killed Amaemon
 10134 | D:11     | Found a staircase to the Orcish Mines.
 10140 | D:11     | Reached skill level 5 in Long Blades
 10257 | D:11     | Reached skill level 1 in Invocations
 10359 | D:11     | Found a staircase to the Lair.
 10465 | D:11     | Received a gift from Okawaru
 10935 | D:11     | Reached ***** piety under Okawaru
 10951 | D:11     | HP: 1/93 [large slime creature (31)]
 10956 | D:11     | Mangled by an enormous slime creature

Illustrated notes

Levels and vault maps discovered:
D:1:      lightli_arrival_maybe_door_vault, layout_loops_ring
D:2:      layout_basic, serial_shops, nicolae_diamond_shop,
          shapermc_ecumenical_altar_starsandcircs, serial_rivers,
          chequers_serial_rivers_micro_b, chequers_serial_rivers_small_b,
          chequers_serial_rivers_micro_b, chequers_serial_rivers_micro_c,
          serial_bayou_lagoon_a
D:3:      kennysheep_big_flooded_room, layout_loops_ring,
          nicolae_overflow_crystal_walls
D:4:      layout_cave_pools, kennysheep_mini, uniq_ijyb
D:5:      layout_layer_cave, gup_sewer_entry_bowl, uniq_edmund, uniq_eustachio
D:6:      layout_gridville, serial_shops, nicolae_shop_pleasant_corner_grove,
          minivault_5, chequers_serial_rivers_marsh, due_unseen_surprise
D:7:      layout_loops_corners, minmay_temple_entry_tees, serial_bayou,
          serial_bayou_lagoon_b, serial_bayou_pond_a, serial_bayou_pond_e,
          serial_bayou_shore_b, serial_bayou_pond_d, kennysheep_generic_room_7
D:8:      layout_cave_pods, nicolae_overflow_hallway_of_the_gods,
          gammafunk_ghost_cemetery, serial_shops, shop,
          nicolae_shop_sticking_my_neck_out
D:9:      layout_loops_ring, beargit_hepliaklqana_dungeon_heroes,
          nicolae_specific_store, kennysheep_generic_room_6, uniq_erica
D:10:     layout_loops_corners, serial_shops, shop,
          nicolae_shop_window_shopping, uniq_amaemon
D:11:     layout_roguey, lair_entry_dummy, minmay_orc_entry_temple_small
D:12:     layout_cave_pools, uniq_kirke, uniq_snorg
Temple:   minmay_temple_curvy_branch

Skill      XL: |  1  2  3  4  5  6  7  8  9 10 11 |
---------------+----------------------------------+-----
Fighting       | 4 5 6 7 8 10 11 | 11.1
Armour         | 4 5 6 7 8 10 11 | 11.5
Axes           | 3 4 |  4.6
Maces & Flails | 1 3 5 6 |  6.7
Long Blades    | 3 5 |  5.8
Invocations    | 3 |  3.2
Shields        | |  4.0

Action                     |  1- 3 |  4- 6 |  7- 9 | 10-12 || total
---------------------------+-------+-------+-------+-------++-------
  Melee: War axe           |    97 |   131 |    18 |       ||   246
         Dire flail        |       |       |   229 |   226 ||   455
         Long sword        |       |       |       |    17 ||    17
 Invoke: Heroism           |       |       |       |     3 ||     3
Ability: Dig               |     6 |       |    10 |       ||    16
  Evoke: Wand              |       |       |     9 |     1 ||    10
    Use: Scroll            |       |     5 |     1 |       ||     6
         Potion            |       |       |       |     4 ||     4
   Stab: Paralysed         |       |       |    13 |       ||    13
 Armour: Scale mail        |    32 |    55 |       |       ||    87
         Leather armour    |       |       |    73 |       ||    73
         Plate armour      |       |       |    12 |   136 ||   148
  Dodge: Dodged            |    32 |    74 |   118 |   109 ||   333
  Block: Buckler           |    30 |    47 |    62 |    69 ||   208
